| TOP OF THE 1ST |
|
Missoula Osprey batting - Pitching for Ogden Raptors : RHP Drew Manderfield
|
|
Pitching: RHP Drew Manderfield
|
|
|
Batting: RHB Mike Smith
|
0-0: Ball 1-0: Ground out U3 (Groundball, 3, EV 108.1 MPH)
|
|
Batting: RHB Hector Tabares
|
0-0: Ball 1-0: Foul Ball, location: 2F 1-1: Ball 2-1: Ground out 4-3 (Groundball, 4, EV 81.9 MPH)
|
|
Batting: LHB Danny Salas
|
0-0: Ball 1-0: Swinging Strike 1-1: Ball 2-1: Ball 3-1: Base on Balls
|
|
Batting: LHB Ron Mills
|
0-0: Ground out 4-3 (Groundball, 34, EV 85.0 MPH)
|
| Top of the 1st over - 0 runs, 0 hits, 0 errors, 1 left on base; Missoula 0 - Ogden 0 |
| BOTTOM OF THE 1ST |
|
Ogden Raptors batting - Pitching for Missoula Osprey : RHP Jason Maki
|
|
Pitching: RHP Jason Maki
|
|
|
Batting: SHB Jesus Gomez
|
0-0: Ball 1-0: Foul Ball, location: 2F 1-1: Called Strike 1-2: Ball 2-2: Strikes out swinging
|
|
Batting: SHB Jason Todd
|
0-0: Called Strike 0-1: Ball 1-1: Called Strike 1-2: Ball 2-2: Strikes out looking
|
|
Batting: SHB Guy Jerome
|
0-0: Called Strike 0-1: Swinging Strike 0-2: Ball 1-2: Ball 2-2: Ball 3-2: Base on Balls
|
|
Batting: RHB Jerry Sanchez
|
Pickoff Play to 1st, Runner tries for 2nd, OUT after rundown.
|
| Bottom of the 1st over - 0 runs, 0 hits, 0 errors, 0 left on base; Missoula 0 - Ogden 0 |
| TOP OF THE 2ND |
|
Missoula Osprey batting - Pitching for Ogden Raptors : RHP Drew Manderfield
|
|
Batting: RHB Claude Leduc
|
0-0: Ball 1-0: Called Strike 1-1: Foul Ball, location: 2F 1-2: Ball 2-2: Ball 3-2: Foul Ball, location: 2F 3-2: Foul Ball, location: 2F 3-2: Foul Ball, location: 2F 3-2: SOLO HOME RUN (Flyball, 7D, EV 97.5 MPH), Distance : 391 ft
|
|
Batting: RHB Isaiah Hampton
|
0-0: Swinging Strike 0-1: Called Strike 0-2: SINGLE (Groundball, 34D, EV 93.8 MPH)
|
|
Batting: RHB David Powell
|
0-0: Called Strike 0-1: SINGLE (Groundball, 5D, EV 106.2 MPH) Isaiah Hampton to second
|
|
Batting: RHB Jose Cuellar
|
0-0: Ball 1-0: Ball 2-0: Ball 3-0: Called Strike 3-1: Grounds into double play, 4-6-3 (Groundball, 4, EV 108.1 MPH) Isaiah Hampton to third
|
|
Batting: RHB Juan Mejia
|
0-0: Called Strike 0-1: Ground out 6-3 (Groundball, 6, EV 103.1 MPH)
|
| Top of the 2nd over - 1 run, 3 hits, 0 errors, 1 left on base; Missoula 1 - Ogden 0 |
| BOTTOM OF THE 2ND |
|
Ogden Raptors batting - Pitching for Missoula Osprey : RHP Jason Maki
|
|
Batting: RHB Jerry Sanchez
|
0-0: SOLO HOME RUN (Flyball, 9LD, EV 92.5 MPH), Distance : 340 ft
|
|
Batting: LHB Pedro Garza
|
0-0: Foul Ball, location: 2F 0-1: DOUBLE (Flyball, 8LD, EV 87.5 MPH)
|
|
Batting: RHB David Watkins
|
0-0: Ground out 6-3 (Groundball, 6, EV 84.4 MPH)
|
|
Batting: RHB Roberto Sotelo
|
0-0: Called Strike 0-1: Ball 1-1: Ball 2-1: Foul Ball, location: 2F 2-2: Ball 3-2: Foul Ball, location: 2F 3-2: Foul Ball, location: 2F 3-2: Strikes out swinging
|
|
Batting: RHB Alex Diaz
|
0-0: Ball 1-0: Fly out, F9 (Flyball, 89M, EV 85.6 MPH)
|
| Bottom of the 2nd over - 1 run, 2 hits, 0 errors, 1 left on base; Missoula 1 - Ogden 1 |
| TOP OF THE 3RD |
|
Missoula Osprey batting - Pitching for Ogden Raptors : RHP Drew Manderfield
|
|
Batting: RHB Mike Smith
|
0-0: Called Strike 0-1: Called Strike 0-2: Ball 1-2: Ball 2-2: Ball 3-2: Strikes out looking
|
|
Batting: RHB Hector Tabares
|
0-0: Called Strike 0-1: Called Strike 0-2: Ball 1-2: Strikes out swinging
|
|
Batting: LHB Danny Salas
|
0-0: Ball 1-0: Ball 2-0: Ball 3-0: Called Strike 3-1: Base on Balls
|
|
Batting: LHB Ron Mills
|
0-0: SINGLE (Groundball, 34D, EV 94.4 MPH) Danny Salas to second Runner from 2nd tries for 3rd, OUT! 9-5
|
| Top of the 3rd over - 0 runs, 1 hit, 0 errors, 1 left on base; Missoula 1 - Ogden 1 |
| BOTTOM OF THE 3RD |
|
Ogden Raptors batting - Pitching for Missoula Osprey : RHP Jason Maki
|
|
Batting: RHB Guillermo Puente
|
0-0: Ball 1-0: Called Strike 1-1: Ball 2-1: Ball 3-1: Called Strike 3-2: Ground out 6-3 (Groundball, 6, EV 77.5 MPH)
|
|
Batting: SHB Jesus Gomez
|
0-0: Ball 1-0: Swinging Strike 1-1: Ball 2-1: Ball 3-1: Base on Balls
|
|
Batting: SHB Jason Todd
|
0-0: Ball 1-0: Ball 2-0: Fielders Choice at 2nd, 6-4 (Groundball, 6, EV 82.5 MPH)
|
|
Batting: SHB Guy Jerome
|
0-0: Ball 1-0: Called Strike 1-1: Ball 2-1: Fly out, F7 (Line Drive, 7, EV 90.6 MPH)
|
| Bottom of the 3rd over - 0 runs, 0 hits, 0 errors, 1 left on base; Missoula 1 - Ogden 1 |
| TOP OF THE 4TH |
|
Missoula Osprey batting - Pitching for Ogden Raptors : RHP Drew Manderfield
|
|
Batting: RHB Claude Leduc
|
0-0: Ground out 5-3 (Groundball, 56, EV 85.6 MPH)
|
|
Batting: RHB Isaiah Hampton
|
0-0: Called Strike 0-1: Ball 1-1: Foul Ball, location: 2F 1-2: Ball 2-2: Ground out 5-3 (Groundball, 5L, EV 106.9 MPH)
|
|
Batting: RHB David Powell
|
0-0: Hit by Pitch
|
|
Batting: RHB Jose Cuellar
|
0-0: Fly out, F9 (Flyball, 89XD, EV 111.2 MPH)
|
| Top of the 4th over - 0 runs, 0 hits, 0 errors, 1 left on base; Missoula 1 - Ogden 1 |
| BOTTOM OF THE 4TH |
|
Ogden Raptors batting - Pitching for Missoula Osprey : RHP Jason Maki
|
|
Batting: RHB Jerry Sanchez
|
0-0: Ball 1-0: Ball 2-0: Called Strike 2-1: Foul Ball, location: 2F 2-2: Ball 3-2: Strikes out swinging
|
|
Batting: LHB Pedro Garza
|
0-0: Ground out 6-3 (Groundball, 6MS, EV 88.8 MPH)
|
|
Batting: RHB David Watkins
|
0-0: Foul Ball, location: 2F 0-1: Ball 1-1: Ball 2-1: Ball 3-1: Called Strike 3-2: Strikes out swinging
|
| Bottom of the 4th over - 0 runs, 0 hits, 0 errors, 0 left on base; Missoula 1 - Ogden 1 |
| TOP OF THE 5TH |
|
Missoula Osprey batting - Pitching for Ogden Raptors : RHP Drew Manderfield
|
|
Batting: RHB Juan Mejia
|
0-0: Foul Ball, location: 2F 0-1: Ground out 6-3 (Groundball, 6, EV 105.0 MPH)
|
|
Batting: RHB Mike Smith
|
0-0: Called Strike 0-1: Foul Ball, location: 2F 0-2: Ball 1-2: Ball 2-2: SINGLE (Groundball, 34D, EV 103.1 MPH)
|
|
Batting: RHB Hector Tabares
|
0-0: Ball Mike Smith steals 2nd base (no throw) 1-0: Swinging Strike 1-1: Ball 2-1: 2-RUN HOME RUN (Flyball, 7D, EV 107.5 MPH), Distance : 395 ft
|
|
Batting: LHB Danny Salas
|
0-0: Swinging Strike 0-1: SINGLE (Groundball, 56D, EV 96.2 MPH)
|
|
Batting: LHB Ron Mills
|
0-0: Called Strike 0-1: Ball 1-1: Called Strike 1-2: Fielders Choice at 2nd, 4-6 (Groundball, 34, EV 78.1 MPH)
|
|
Batting: RHB Claude Leduc
|
0-0: Ball 1-0: Ball Passed Ball! Ron Mills to second 2-0: SINGLE (Flyball, 4MD, EV 96.2 MPH) Ron Mills to third
|
|
Batting: RHB Isaiah Hampton
|
0-0: Ball 1-0: Called Strike 1-1: Ball 2-1: SINGLE (Groundball, 25, EV 63.8 MPH) (infield hit) Ron Mills scores Claude Leduc to second
|
|
Pitching: RHP Bart Bell
|
|
|
Batting: RHB David Powell
|
0-0: Fielders Choice at 2nd, 6-4 (Groundball, 6, EV 107.5 MPH)
|
| Top of the 5th over - 3 runs, 5 hits, 0 errors, 2 left on base; Missoula 4 - Ogden 1 |
| BOTTOM OF THE 5TH |
|
Ogden Raptors batting - Pitching for Missoula Osprey : RHP Jason Maki
|
|
Batting: RHB Roberto Sotelo
|
0-0: Swinging Strike 0-1: Called Strike 0-2: Strikes out swinging
|
|
Batting: RHB Alex Diaz
|
0-0: Foul Ball, location: 2F 0-1: Ball 1-1: Foul Ball, location: 2F 1-2: Ball 2-2: Strikes out looking
|
|
Batting: RHB Guillermo Puente
|
0-0: Ball 1-0: Ball 2-0: Swinging Strike 2-1: Called Strike 2-2: Strikes out swinging
|
| Bottom of the 5th over - 0 runs, 0 hits, 0 errors, 0 left on base; Missoula 4 - Ogden 1 |
| TOP OF THE 6TH |
|
Missoula Osprey batting - Pitching for Ogden Raptors : RHP Bart Bell
|
|
Batting: RHB Jose Cuellar
|
0-0: Ball 1-0: Foul Ball, location: 2F 1-1: Ground out 6-3 (Groundball, 6, EV 88.1 MPH)
|
|
Batting: RHB Juan Mejia
|
0-0: Ball 1-0: Ball 2-0: Ball 3-0: Called Strike 3-1: Base on Balls
|
|
Batting: RHB Mike Smith
|
0-0: Ball Passed Ball! Juan Mejia to second 1-0: Foul Ball, location: 2F 1-1: Fly out, F9 (Flyball, 89M, EV 87.5 MPH)
|
|
Batting: RHB Hector Tabares
|
0-0: Ground out 6-3 (Groundball, 6, EV 80.6 MPH)
|
| Top of the 6th over - 0 runs, 0 hits, 0 errors, 1 left on base; Missoula 4 - Ogden 1 |
| BOTTOM OF THE 6TH |
|
Ogden Raptors batting - Pitching for Missoula Osprey : RHP Jason Maki
|
|
Batting: SHB Jesus Gomez
|
0-0: Called Strike 0-1: Called Strike 0-2: Ball 1-2: Ball 2-2: Fly out, F7 (Flyball, 7S, EV 83.8 MPH)
|
|
Batting: SHB Jason Todd
|
0-0: Ball 1-0: Ball 2-0: SOLO HOME RUN (Flyball, 9D, EV 98.1 MPH), Distance : 373 ft
|
|
Batting: SHB Guy Jerome
|
0-0: Ball 1-0: Called Strike 1-1: Ball 2-1: SINGLE (Groundball, 25, EV 65.0 MPH) (infield hit)
|
|
Batting: RHB Jerry Sanchez
|
0-0: Ball 1-0: 2-RUN HOME RUN (Flyball, 9D, EV 95.0 MPH), Distance : 390 ft
|
|
Batting: LHB Pedro Garza
|
0-0: Fly out, F9 (Flyball, 9LM, EV 109.4 MPH)
|
|
Batting: RHB David Watkins
|
0-0: Ball 1-0: Fly out, F9 (Flyball, 89S, EV 90.6 MPH)
|
| Bottom of the 6th over - 3 runs, 3 hits, 0 errors, 0 left on base; Missoula 4 - Ogden 4 |
| TOP OF THE 7TH |
|
Missoula Osprey batting - Pitching for Ogden Raptors : RHP Bart Bell
|
|
Batting: LHB Danny Salas
|
0-0: Called Strike 0-1: Ground out 6-3 (Groundball, 6S, EV 63.8 MPH)
|
|
Batting: LHB Ron Mills
|
0-0: Fly out, F8 (Flyball, 8LXD, EV 92.5 MPH)
|
|
Batting: RHB Claude Leduc
|
0-0: Ball 1-0: SOLO HOME RUN (Flyball, 9D, EV 98.8 MPH), Distance : 389 ft
|
|
Batting: RHB Isaiah Hampton
|
0-0: Ball 1-0: Ball 2-0: Foul Ball, location: 2F 2-1: Ball 3-1: Ground out 4-3 (Groundball, 4, EV 83.1 MPH)
|
| Top of the 7th over - 1 run, 1 hit, 0 errors, 0 left on base; Missoula 5 - Ogden 4 |
| BOTTOM OF THE 7TH |
|
Ogden Raptors batting - Pitching for Missoula Osprey : RHP Jason Maki
|
|
Batting: RHB Roberto Sotelo
|
0-0: Foul Ball, location: 2F 0-1: Ball 1-1: Called Strike 1-2: Strikes out swinging
|
|
Pinch Hitting: LHB Conor Bailey
|
0-0: Called Strike 0-1: Ball 1-1: Ground out 5-3 (Groundball, 56S, EV 90.0 MPH)
|
|
Pinch Hitting: LHB Jose Diaz
|
0-0: Ball 1-0: Ball 2-0: Ball 3-0: Called Strike 3-1: Ground out 6-3 (Groundball, 6M, EV 105.0 MPH)
|
| Bottom of the 7th over - 0 runs, 0 hits, 0 errors, 0 left on base; Missoula 5 - Ogden 4 |
| TOP OF THE 8TH |
|
Missoula Osprey batting - Pitching for Ogden Raptors : RHP Bart Bell
|
|
Now in CF: Kekoa Kahele
|
|
|
Now in RF: Bobby Altamirano
|
|
|
Batting: RHB David Powell
|
0-0: Fly out, F8 (Line Drive, 8LD, EV 98.1 MPH)
|
|
Batting: RHB Jose Cuellar
|
0-0: Ground out 2-3 (Groundball, 2L, EV 73.1 MPH)
|
|
Batting: RHB Juan Mejia
|
0-0: Called Strike 0-1: Ball 1-1: Ball 2-1: Foul Ball, location: 2F 2-2: TRIPLE (Line Drive, 9D, EV 105.0 MPH)
|
|
Batting: RHB Mike Smith
|
0-0: Fly out, F8 (Flyball, 8RS, EV 91.2 MPH)
|
| Top of the 8th over - 0 runs, 1 hit, 0 errors, 1 left on base; Missoula 5 - Ogden 4 |
| BOTTOM OF THE 8TH |
|
Ogden Raptors batting - Pitching for Missoula Osprey : RHP Jason Maki
|
|
Batting: SHB Jesus Gomez
|
0-0: Called Strike 0-1: Swinging Strike 0-2: Strikes out swinging
|
|
Batting: SHB Jason Todd
|
0-0: Ball 1-0: Called Strike 1-1: Foul Ball, location: 2F 1-2: Ball 2-2: Ball 3-2: Ground out 6-3 (Groundball, 6M, EV 95.6 MPH)
|
|
Batting: SHB Guy Jerome
|
0-0: Fly out, F6 (Popup, 6M, EV 68.8 MPH)
|
| Bottom of the 8th over - 0 runs, 0 hits, 0 errors, 0 left on base; Missoula 5 - Ogden 4 |
| TOP OF THE 9TH |
|
Missoula Osprey batting - Pitching for Ogden Raptors : RHP Bart Bell
|
|
Batting: RHB Hector Tabares
|
0-0: Reached via error on a dropped throw from 1B, E1 (Groundball, 34S, EV 88.1 MPH)
|
|
Batting: LHB Danny Salas
|
0-0: Called Strike 0-1: 2-RUN HOME RUN (Flyball, 7D, EV 104.4 MPH), Distance : 401 ft
|
|
Pitching: LHP Cao-Ky Trieu
|
|
|
Batting: LHB Ron Mills
|
0-0: Ball 1-0: Called Strike 1-1: Ball 2-1: Foul Ball, location: 2F 2-2: Strikes out swinging
|
|
Batting: RHB Claude Leduc
|
0-0: Called Strike 0-1: Ball 1-1: Ball 2-1: Foul Ball, location: 2F 2-2: Ball 3-2: Foul Ball, location: 2F 3-2: Foul Ball, location: 2F 3-2: Base on Balls
|
|
Batting: RHB Isaiah Hampton
|
0-0: Ball 1-0: Foul Ball, location: 2F 1-1: Foul Ball, location: 2F 1-2: Hit by Pitch Claude Leduc to second
|
|
Batting: RHB David Powell
|
0-0: Ball 1-0: Swinging Strike 1-1: Foul Ball, location: 2F 1-2: Foul Ball, location: 2F 1-2: Foul Ball, location: 2F 1-2: Ball 2-2: Foul Ball, location: 2F 2-2: Strikes out looking
|
|
Batting: RHB Jose Cuellar
|
0-0: Swinging Strike 0-1: Swinging Strike 0-2: Strikes out swinging
|
| Top of the 9th over - 2 runs, 1 hit, 1 error, 2 left on base; Missoula 7 - Ogden 4 |
| BOTTOM OF THE 9TH |
|
Ogden Raptors batting - Pitching for Missoula Osprey : RHP Jason Maki
|
|
Batting: RHB Jerry Sanchez
|
0-0: Called Strike 0-1: Ball 1-1: Ball 2-1: SOLO HOME RUN (Flyball, 8LXD, EV 114.4 MPH), Distance : 441 ft
|
|
Pitching: LHP Ian Tamburrino
|
|
|
Now at 2B: Hyeok Shon
|
|
|
Now in LF: Dave Beerman
|
|
|
Batting: LHB Pedro Garza
|
0-0: Called Strike 0-1: Swinging Strike 0-2: Strikes out swinging
|
|
Batting: RHB David Watkins
|
0-0: Foul Ball, location: 2F 0-1: Swinging Strike 0-2: Ball 1-2: Ball 2-2: Ball 3-2: Foul Ball, location: 2F 3-2: Base on Balls
|
|
Batting: RHB Roberto Sotelo
|
0-0: Called Strike 0-1: Ball 1-1: Ball 2-1: SINGLE (Groundball, 56D, EV 100.0 MPH) David Watkins to second
|
|
Batting: RHB Kekoa Kahele
|
0-0: Ball Wild Pitch! David Watkins to third Roberto Sotelo to second 1-0: Ball 2-0: Ball 3-0: Base on Balls
|
|
Pinch Hitting: SHB Javy Franco
|
0-0: Ball 1-0: Called Strike 1-1: Called Strike 1-2: Ball 2-2: Strikes out looking
|
|
Batting: SHB Jesus Gomez
|
0-0: Called Strike 0-1: Foul Ball, location: 2F 0-2: Ball 1-2: Fly out, F7 (Flyball, 7, EV 80.0 MPH)
|
| Bottom of the 9th over - 1 run, 2 hits, 0 errors, 3 left on base; Missoula 7 - Ogden 5 |
|